Harfangs vs Sasquatch
Created - April 22, 2017 at 19:20
Goals
|
| Harfangs |
1 |
1 |
0 |
2 |
| Sasquatch |
1 |
1 |
3 |
5 |
|
Shots
|
| Harfangs |
11 |
8 |
4 |
23 |
| Sasquatch |
22 |
6 |
13 |
41 |
|
1st period
1. Harfangs , Jean-Gabriel Pageau 31 (Peter Olvecky 21, Dylan Olsen 15) at 4:07
2. Sasquatch , D.J King 23 (Lars Eller 50) at 5:08
Penalties :
Garnet Hathaway (Gat) for Hooking (Minor) at 13:19, Jason Akeson (Gat) for Interference (Minor) at 16:20
2nd period
3. Harfangs , Dustin Jeffrey 13 (Brandon Pirri 31) at 2:05
4. Sasquatch , Sergey Kalinin 1 (Tyler Randell 13, Jason Zucker 26) at 7:24
Penalties :
Brian Lashoff (BEA) for Tripping (Minor) at 3:20, Alex Killorn (BEA) for Cross-checking (Minor) at 11:15, Jason Zucker (Gat) for Roughing (Double Minor) at 13:42, Dylan Olsen (BEA) for Boarding (Major) at 17:58
3rd period
5. Sasquatch , Linus Omark 55 (Lars Eller 51, Nick Leddy 44) at 1:26 (PP)
6. Sasquatch , Ryan Strome 4 (Yann Sauvé 21, Jonathan Blum 35) at 1:42 (PP)
7. Sasquatch , Stephane Da Costa 24 (Linus Omark 69, Nick Leddy 45) at 7:44
Penalties :
Tyler Randell (Gat) for Hooking (Minor) at 15:48
Goalie Stats
Jeremy Duchesne (BEA), 36 saves from 41 shots - (0.878), L, 29-12-0, 60:00 minutes
Martin Houle (Gat), 21 saves from 23 shots - (0.913), W, 1-0-0, 60:00 minutes
Players Stats for Harfangs
Player Name G A P +/- PIM S H SB GA TA FO MP PP MP PK MP
------------------------------------------------------------------------------------
Alex Killorn 0 0 0 -2 2 1 1 0 1 0 0/3 21:43 4:25 3:56
Alex Plante 0 0 0 0 0 0 0 0 0 0 0/0 6:25 0:00 0:00
Andreas Martinsen 0 0 0 0 0 0 0 0 0 0 0/0 2:28 1:12 1:09
Andrew Orpik 0 0 0 -1 0 0 1 6 0 0 0/0 19:33 4:18 4:03
Angelo Esposito 0 0 0 0 0 0 0 0 0 0 3/3 1:21 0:00 1:21
Brandon Pirri 0 1 1 1 0 1 1 0 0 0 0/0 11:33 0:57 0:00
Brian Lashoff 0 0 0 -1 2 1 2 2 0 2 0/0 18:33 4:18 3:04
Calle Jarnkrok 0 0 0 1 0 2 0 0 0 0 2/4 11:20 0:18 0:24
Cam Atkinson 0 0 0 -2 0 1 3 0 1 0 0/2 20:25 4:28 2:30
Cam Fowler 0 0 0 0 0 2 1 0 0 1 0/0 24:42 5:05 4:54
Dennis Everberg 0 0 0 0 0 0 0 0 0 0 0/0 0:57 0:55 0:00
Dustin Jeffrey 1 0 1 1 0 3 2 0 0 0 1/2 10:34 0:00 0:00
Dylan Olsen 0 1 1 0 5 1 0 0 0 0 0/0 9:43 0:33 0:11
Jean-Gabriel Pageau 1 0 1 1 0 2 1 0 0 1 3/12 14:57 4:18 0:51
Joel Armia 0 0 0 0 0 0 0 0 0 0 0/0 0:00 0:00 0:00
Mark Alt 0 0 0 0 0 0 0 0 0 0 0/0 6:25 0:00 0:00
Michal Repik 0 0 0 1 0 1 1 0 0 1 0/0 14:01 4:18 0:00
Nick Holden 0 0 0 0 0 0 0 0 0 0 0/0 9:18 0:00 0:48
Peter Olvecky 0 1 1 1 0 2 0 2 0 0 1/4 18:59 4:18 4:58
Petri Kontiola 0 0 0 -2 0 2 2 0 1 1 14/25 20:25 4:28 2:30
Reid McNeill 0 0 0 0 0 0 0 0 0 0 0/0 0:50 0:33 0:00
Roman Cervenka 0 0 0 -1 0 0 1 0 0 0 0/1 7:12 0:00 0:00
Roman Wick 0 0 0 -1 0 0 2 0 0 0 0/0 7:12 0:00 0:00
Tomas Tatar 0 0 0 -1 0 2 0 0 0 0 0/0 7:42 0:11 0:15
Victor Bartley 0 0 0 0 0 2 3 1 0 0 0/0 24:42 5:05 4:54
Players Stats for Sasquatch
Player Name G A P +/- PIM S H SB GA TA FO MP PP MP PK MP
------------------------------------------------------------------------------------
Brock Trotter 0 0 0 0 0 4 1 0 0 0 0/0 10:43 0:00 3:00
D.J King 1 0 1 1 0 3 1 2 0 0 1/2 18:55 3:43 4:28
Danny DeKeiser 0 0 0 -2 0 2 1 1 1 0 0/0 17:11 0:00 4:55
Drew Shore 0 0 0 0 0 5 1 0 1 0 3/5 12:34 0:00 4:42
Garnet Hathaway 0 0 0 1 2 2 1 0 1 0 1/1 10:36 0:00 0:00
James Wisniewski 0 0 0 1 0 0 2 1 0 0 0/0 17:41 6:06 0:17
Jason Akeson 0 0 0 0 2 3 2 0 1 0 0/2 19:27 5:14 0:00
Jason Zucker 0 1 1 0 4 2 1 1 0 0 0/0 9:21 0:00 0:48
Jonathan Blum 0 1 1 -2 0 0 0 0 0 1 0/0 21:44 2:51 4:14
Kris Russell 0 0 0 1 0 2 1 0 0 0 0/0 14:23 0:00 4:14
Lars Eller 0 2 2 1 0 2 0 0 1 0 12/19 18:57 5:14 2:45
Linus Omark 1 1 2 0 0 6 3 1 0 0 1/2 22:33 5:14 2:56
Nick Leddy 0 2 2 2 0 1 1 1 0 0 0/0 24:46 6:06 0:47
Ryan Strome 1 0 1 0 0 1 1 0 0 0 0/0 11:24 3:43 0:00
Sergey Kalinin 1 0 1 0 0 1 3 0 0 0 3/3 9:22 0:00 1:05
Stephane Da Costa 1 0 1 0 0 5 1 0 1 1 10/21 17:51 3:43 0:08
Tyler Randell 0 1 1 0 2 1 0 0 0 0 1/1 8:17 0:00 0:00
Yann Sauvé 0 1 1 2 0 1 1 4 0 1 0/0 24:15 2:51 5:25
3 Stars
1 - Linus Omark (Gat)
2 - Nick Leddy (Gat)
3 - Dustin Jeffrey (BEA)
Power Play
Harfangs - 0 on 5 Attempt(s) - 0.00%
Sasquatch - 2 on 5 Attempt(s) - 40.00%
Penalty Kill
Harfangs - 3 on 5 Attempt(s) - 60.00%
- Score 0 goal in Penalty Kill
Sasquatch - 5 on 5 Attempt(s) - 100.00%
- Score 0 goal in Penalty Kill
Team Stat
Harfangs - Hits : 21 - Faceoff Wins : 24 - Blocked Shots : 11 - Penalty Minutes : 9
Sasquatch - Hits : 21 - Faceoff Wins : 32 - Blocked Shots : 11 - Penalty Minutes : 10
Official
Referees : Kimmerly Greg and Leggo Mike
Linesman : Scott Driscoll and Steve Barton
Game Notes
No Game Note
Finance
Level 1 -- Attendance: 1501 (75.05%) -- Ticket Income $52,535
Level 2 -- Attendance: 765 (76.50%) -- Ticket Income $11,475
Total Attendance: 2266 (75.53%)
Total Ticket Income: $64,010
Other Income: $3,200
Total Income: $67,210
Harfangs
5 vs 5 Forward
Center Left Wing Right Wing Time % Phy DF OF
1 Petri Kontiola Alex Killorn Cam Atkinson 40 1 2 2
2 Jean-Gabriel Pageau Peter Olvecky Michal Repik 30 1 2 2
3 Calle Jarnkrok Dustin Jeffrey Brandon Pirri 20 1 2 2
4 Roman Cervenka Tomas Tatar Roman Wick 10 1 2 2
5 vs 5 Defense
Defense Defense Time % Phy DF OF
1 Victor Bartley Cam Fowler 40 1 2 2
2 Brian Lashoff Andrew Orpik 30 1 2 2
3 Nick Holden Dylan Olsen 20 1 2 2
4 Alex Plante Mark Alt 10 1 2 2
PowerPlay Forward
Center Left Wing Right Wing Time % Phy DF OF
1 Petri Kontiola Alex Killorn Cam Atkinson 60 1 2 2
2 Jean-Gabriel Pageau Peter Olvecky Michal Repik 40 1 2 2
PowerPlay Defense
Defense Defense Time % Phy DF OF
1 Victor Bartley Cam Fowler 60 1 2 2
2 Brian Lashoff Andrew Orpik 40 1 2 2
Penalty Kill 4 Players Forward
Center Wing Time % Phy DF OF
1 Alex Killorn Peter Olvecky 60 1 2 2
2 Petri Kontiola Cam Atkinson 40 1 2 2
Penalty Kill 4 Players Defense
Defense Defense Time % Phy DF OF
1 Victor Bartley Cam Fowler 60 1 2 2
2 Brian Lashoff Andrew Orpik 40 1 2 2
Penalty Kill - 3 Players Forward
Forward Time % Phy DF OF
1 Alex Killorn 60 1 2 2
2 Peter Olvecky 40 1 2 2
Penalty Kill - 3 Players Defense
Defense Defense Time % Phy DF OF
1 Victor Bartley Cam Fowler 60 1 2 2
2 Brian Lashoff Andrew Orpik 40 1 2 2
4 vs 4 Forward
Center Wing Time % Phy DF OF
1 Alex Killorn Peter Olvecky 60 1 2 2
2 Petri Kontiola Cam Atkinson 40 1 2 2
4 vs 4 Defense
Defense Defense Time % Phy DF OF
1 Victor Bartley Cam Fowler 60 1 2 2
2 Brian Lashoff Andrew Orpik 40 1 2 2
Last Minutes Offensive
Center Left Wing Right Wing Defense Defense
Petri Kontiola Alex Killorn Cam Atkinson Victor Bartley Cam Fowler
Last Minutes Defensive
Center Left Wing Right Wing Defense Defense
Petri Kontiola Alex Killorn Cam Atkinson Victor Bartley Cam Fowler
Goaltenders
Starting : Jeremy Duchesne
Backup : Darcy Kuemper
Extra Forwards
Normal : Andreas Martinsen, Dennis Everberg, Angelo Esposito - PP : Andreas Martinsen, Dennis Everberg - PK : Angelo Esposito
Extra Defensemen
Normal : Reid McNeill, Nick Holden, Dylan Olsen - PP : Reid McNeill - PK : Nick Holden, Dylan Olsen
Penalty Shots
Alex Killorn, Peter Olvecky, Petri Kontiola, Cam Atkinson, Dustin Jeffrey
Scratches
Nathan Beaulieu (Bruised Right Shoulder Injury), Brenden Kichton (Healthy), John Macfarland (Healthy), Sebastian Wannstrom (Healthy), Anton Forsberg (Healthy)
Jason Kasdorf (Healthy), Mark Visentin (Healthy), Scott Wedgewood (Healthy)
Sasquatch
5 vs 5 Forward
Center Left Wing Right Wing Time % Phy DF OF
1 Stephane Da Costa Linus Omark Jason Akeson 40 1 2 2
2 Lars Eller D.J King Garnet Hathaway 30 1 2 2
3 Drew Shore Brock Trotter Ryan Strome 20 1 2 2
4 Sergey Kalinin Jason Zucker Tyler Randell 10 1 2 2
5 vs 5 Defense
Defense Defense Time % Phy DF OF
1 Nick Leddy Yann Sauvé 40 1 2 2
2 Danny DeKeiser Jonathan Blum 30 1 2 2
3 Kris Russell James Wisniewski 20 1 2 2
4 Jonathan Blum Nick Leddy 10 1 2 2
PowerPlay Forward
Center Left Wing Right Wing Time % Phy DF OF
1 Lars Eller Linus Omark Jason Akeson 60 1 2 2
2 Stephane Da Costa D.J King Ryan Strome 40 1 2 2
PowerPlay Defense
Defense Defense Time % Phy DF OF
1 Nick Leddy James Wisniewski 60 1 2 2
2 Yann Sauvé Jonathan Blum 40 1 2 2
Penalty Kill 4 Players Forward
Center Wing Time % Phy DF OF
1 Drew Shore D.J King 60 1 2 2
2 Lars Eller Linus Omark 40 1 2 2
Penalty Kill 4 Players Defense
Defense Defense Time % Phy DF OF
1 Danny DeKeiser Yann Sauvé 60 1 2 2
2 Kris Russell Jonathan Blum 40 1 2 2
Penalty Kill - 3 Players Forward
Forward Time % Phy DF OF
1 Lars Eller 60 1 2 2
2 Drew Shore 40 1 2 2
Penalty Kill - 3 Players Defense
Defense Defense Time % Phy DF OF
1 Yann Sauvé Danny DeKeiser 60 1 2 2
2 Kris Russell Jonathan Blum 40 1 2 2
4 vs 4 Forward
Center Wing Time % Phy DF OF
1 Drew Shore D.J King 60 1 2 2
2 Stephane Da Costa Linus Omark 40 1 2 2
4 vs 4 Defense
Defense Defense Time % Phy DF OF
1 Yann Sauvé Nick Leddy 60 1 2 2
2 Danny DeKeiser Jonathan Blum 40 1 2 2
Last Minutes Offensive
Center Left Wing Right Wing Defense Defense
Lars Eller Linus Omark Jason Akeson Nick Leddy Jonathan Blum
Last Minutes Defensive
Center Left Wing Right Wing Defense Defense
Drew Shore Linus Omark D.J King Danny DeKeiser Yann Sauvé
Goaltenders
Starting : Martin Houle
Backup : Corey Crawford
Extra Forwards
Normal : Jason Zucker, Drew Shore, Brock Trotter - PP : Drew Shore, Linus Omark - PK : Brock Trotter
Extra Defensemen
Normal : Jonathan Blum, Kris Russell, James Wisniewski - PP : Kris Russell - PK : Nick Leddy, Danny DeKeiser
Penalty Shots
Linus Omark, Lars Eller, Jason Akeson, Ryan Strome, Jason Zucker
Scratches
Andy Andreoff (Healthy), Philip Varone (Healthy), Ty Rattie (Healthy), Michal Jordan (Healthy), Teemu Hartikainen (Healthy)
Slava Voynov (Healthy), Jack Campbell (Healthy)
% Time on Ice - Harfangs
Lines # - Real PCT - Wanted PCT - Time Play
Normal Forward
1 - 33% - 40% - 13:30
2 - 24% - 30% - 9:51
3 - 26% - 20% - 10:34
4 - 18% - 10% - 7:12
Normal Defense
1 - 36% - 40% - 15:00
2 - 27% - 30% - 11:12
3 - 21% - 20% - 8:30
4 - 16% - 10% - 6:25
PP Forward
1 - 57% - 60% - 5:38
2 - 43% - 40% - 4:18
PP Defense
1 - 57% - 60% - 5:38
2 - 43% - 40% - 4:18
PK Forward
1 - 72% - 60% - 6:27
2 - 28% - 40% - 2:30
PK Defense
1 - 55% - 60% - 4:54
2 - 45% - 40% - 4:03
PK3 Forward
1 - 0% - 60%
2 - 0% - 40%
PK3 Defense
1 - 0% - 60%
2 - 0% - 40%
44 Forward
1 - 0% - 60%
2 - 0% - 40%
44 Defense
1 - 0% - 60%
2 - 0% - 40%
Last Minute Offensive - 0:00
Last Minute Defensive - 0:00
Total
Forward - 60:00
Defense - 60:00
|
% Time on Ice - Sasquatch
Lines # - Real PCT - Wanted PCT - Time Play
Normal Forward
1 - 35% - 40% - 14:20
2 - 26% - 30% - 10:52
3 - 19% - 20% - 7:38
4 - 20% - 10% - 8:17
Normal Defense
1 - 40% - 40% - 16:38
2 - 30% - 30% - 12:32
3 - 24% - 20% - 9:50
4 - 5% - 10% - 2:07
PP Forward
1 - 58% - 60% - 5:14
2 - 42% - 40% - 3:43
PP Defense
1 - 68% - 60% - 6:06
2 - 32% - 40% - 2:51
PK Forward
1 - 72% - 60% - 7:11
2 - 28% - 40% - 2:45
PK Defense
1 - 57% - 60% - 5:42
2 - 43% - 40% - 4:14
PK3 Forward
1 - 0% - 60%
2 - 0% - 40%
PK3 Defense
1 - 0% - 60%
2 - 0% - 40%
44 Forward
1 - 0% - 60%
2 - 0% - 40%
44 Defense
1 - 0% - 60%
2 - 0% - 40%
Last Minute Offensive - 0:00
Last Minute Defensive - 0:00
Total
Forward - 60:00
Defense - 60:00
|
Play by Play
1st period
0:01 of 1st period - Petri Kontiola wins face-off versus Stephane Da Costa in neutral zone.
0:13 of 1st period - Off-side.
0:14 of 1st period - Garnet Hathaway wins face-off versus Jean-Gabriel Pageau in neutral zone.
0:19 of 1st period - Snap shot by Lars Eller.
0:19 of 1st period - Stopped by Jeremy Duchesne with a rebound.
1:02 of 1st period - Slapshot by Jason Akeson.
1:02 of 1st period - Stopped by Jeremy Duchesne with a rebound.
1:04 of 1st period - Snap shot by Linus Omark.
1:04 of 1st period - Stopped by Jeremy Duchesne without a rebound.
1:05 of 1st period - Sergey Kalinin wins face-off versus Petri Kontiola in Harfangs zone.
1:30 of 1st period - Stephane Da Costa is hit by Victor Bartley.
2:29 of 1st period - Snap shot by Drew Shore.
2:29 of 1st period - Stopped by Jeremy Duchesne with a rebound.
2:31 of 1st period - Slapshot by Kris Russell.
2:31 of 1st period - Shot Blocked by Brian Lashoff.
2:33 of 1st period - Slapshot by Kris Russell.
2:33 of 1st period - Deflect By Andrew Orpik.
2:33 of 1st period - Stopped by Jeremy Duchesne with a rebound.
2:35 of 1st period - Wrist shot by Drew Shore.
2:35 of 1st period - Stopped by Jeremy Duchesne with a rebound.
2:37 of 1st period - Snap shot by Drew Shore.
2:37 of 1st period - Stopped by Jeremy Duchesne with a rebound.
2:39 of 1st period - Slapshot by Kris Russell.
2:39 of 1st period - Shot Blocked by Brian Lashoff.
2:47 of 1st period - Alex Killorn is hit by Drew Shore and loses puck.
2:54 of 1st period - Snap shot by Drew Shore.
2:54 of 1st period - Shot Blocked by Andrew Orpik.
2:56 of 1st period - Snap shot by James Wisniewski.
2:56 of 1st period - Shot Blocked by Andrew Orpik.
2:58 of 1st period - Slapshot by Kris Russell.
2:58 of 1st period - Stopped by Jeremy Duchesne without a rebound.
2:59 of 1st period - Jean-Gabriel Pageau wins face-off versus Lars Eller in Harfangs zone.
2:59 of 1st period - Jean-Gabriel Pageau is hit by D.J King.
3:56 of 1st period - Snap shot by Tomas Tatar.
3:56 of 1st period - Stopped by Martin Houle without a rebound.
3:57 of 1st period - Stephane Da Costa wins face-off versus Jean-Gabriel Pageau in Sasquatch zone.
4:07 of 1st period - Snap shot by Jean-Gabriel Pageau.
4:07 of 1st period - Goal by Jean-Gabriel Pageau - Harfangs : 1 - Sasquatch : 0.
4:08 of 1st period - Petri Kontiola wins face-off versus Lars Eller in neutral zone.
4:46 of 1st period - Snap shot by Peter Olvecky.
4:46 of 1st period - Shot Blocked by Linus Omark.
5:02 of 1st period - Wrist shot by Jason Zucker.
5:02 of 1st period - Stopped by Jeremy Duchesne without a rebound.
5:03 of 1st period - Lars Eller wins face-off versus Petri Kontiola in Harfangs zone.
5:06 of 1st period - Snap shot by D.J King.
5:06 of 1st period - Stopped by Jeremy Duchesne without a rebound.
5:07 of 1st period - Lars Eller wins face-off versus Alex Killorn in Harfangs zone.
5:08 of 1st period - Slapshot by D.J King.
5:08 of 1st period - Goal by D.J King - Harfangs : 1 - Sasquatch : 1.
5:09 of 1st period - Stephane Da Costa wins face-off versus Petri Kontiola in neutral zone.
6:00 of 1st period - Snap shot by Tomas Tatar.
6:00 of 1st period - Shot Blocked by Nick Leddy.
6:02 of 1st period - Slapshot by Dylan Olsen.
6:02 of 1st period - Stopped by Martin Houle with a rebound.
6:12 of 1st period - Wrist shot by Tomas Tatar.
6:12 of 1st period - Deflect By Lars Eller.
6:12 of 1st period - Shot Misses the Net.
6:12 of 1st period - Puck is out of play.
6:13 of 1st period - Linus Omark wins face-off versus Jean-Gabriel Pageau in Sasquatch zone.
6:28 of 1st period - Wrist shot by Michal Repik.
6:28 of 1st period - Stopped by Martin Houle with a rebound.
6:38 of 1st period - Petri Kontiola is hit by Sergey Kalinin and loses puck.
6:48 of 1st period - Tyler Randell is hit by Alex Killorn and loses puck.
7:03 of 1st period - Wrist shot by Brock Trotter.
7:03 of 1st period - Stopped by Jeremy Duchesne with a rebound.
7:05 of 1st period - Snap shot by Brock Trotter.
7:05 of 1st period - Stopped by Jeremy Duchesne with a rebound.
7:07 of 1st period - Snap shot by Danny DeKeiser.
7:07 of 1st period - Stopped by Jeremy Duchesne with a rebound.
7:19 of 1st period - Snap shot by Stephane Da Costa.
7:19 of 1st period - Stopped by Jeremy Duchesne with a rebound.
7:21 of 1st period - Snap shot by Kris Russell.
7:21 of 1st period - Shot Misses the Net.
7:39 of 1st period - Snap shot by Jean-Gabriel Pageau.
7:39 of 1st period - Stopped by Martin Houle without a rebound.
7:40 of 1st period - Lars Eller wins face-off versus Jean-Gabriel Pageau in Sasquatch zone.
8:30 of 1st period - Slapshot by James Wisniewski.
8:30 of 1st period - Deflect By Jason Zucker.
8:30 of 1st period - Shot Misses the Net.
8:30 of 1st period - Puck is out of play.
8:31 of 1st period - Sergey Kalinin wins face-off versus Peter Olvecky in Harfangs zone.
9:07 of 1st period - Wrist shot by Linus Omark.
9:07 of 1st period - Stopped by Jeremy Duchesne without a rebound.
9:08 of 1st period - Lars Eller wins face-off versus Petri Kontiola in Harfangs zone.
9:11 of 1st period - Wrist shot by Lars Eller.
9:11 of 1st period - Stopped by Jeremy Duchesne without a rebound.
9:12 of 1st period - D.J King wins face-off versus Petri Kontiola in Harfangs zone.
9:18 of 1st period - Icing by Brian Lashoff.
9:19 of 1st period - Stephane Da Costa wins face-off versus Petri Kontiola in Harfangs zone.
9:20 of 1st period - Slapshot by Linus Omark.
9:20 of 1st period - Stopped by Jeremy Duchesne with a rebound.
9:22 of 1st period - Snap shot by Linus Omark.
9:22 of 1st period - Deflect By Jason Akeson.
9:22 of 1st period - Stopped by Jeremy Duchesne with a rebound.
9:24 of 1st period - Wrist shot by Jason Akeson.
9:24 of 1st period - Deflect By Linus Omark.
9:24 of 1st period - Shot Blocked by Andrew Orpik.
9:24 of 1st period - Puck is out of play.
9:25 of 1st period - Stephane Da Costa wins face-off versus Cam Atkinson in Harfangs zone.
9:26 of 1st period - Wrist shot by Linus Omark.
9:26 of 1st period - Shot Misses the Net.
9:32 of 1st period - Wrist shot by Stephane Da Costa.
9:32 of 1st period - Stopped by Jeremy Duchesne without a rebound.
9:33 of 1st period - Petri Kontiola wins face-off versus Stephane Da Costa in Harfangs zone.
9:46 of 1st period - Cam Atkinson is hit by Jason Akeson.
10:00 of 1st period - Off-side.
10:01 of 1st period - Lars Eller wins face-off versus Jean-Gabriel Pageau in neutral zone.
10:04 of 1st period - Wrist shot by D.J King.
10:04 of 1st period - Shot Misses the Net.
10:26 of 1st period - Garnet Hathaway is hit by Brian Lashoff and loses puck.
10:57 of 1st period - Jonathan Blum is hit by Petri Kontiola and loses puck.
11:38 of 1st period - Jason Zucker is hit by Jean-Gabriel Pageau and loses puck.
12:28 of 1st period - Off-side.
12:29 of 1st period - Lars Eller wins face-off versus Calle Jarnkrok in neutral zone.
12:42 of 1st period - Snap shot by Dustin Jeffrey.
12:42 of 1st period - Stopped by Martin Houle without a rebound.
12:43 of 1st period - Petri Kontiola wins face-off versus Jason Akeson in Sasquatch zone.
12:44 of 1st period - Slapshot by Cam Atkinson.
12:44 of 1st period - Shot Blocked by Yann Sauvé.
13:17 of 1st period - Slapshot by Calle Jarnkrok.
13:17 of 1st period - Stopped by Martin Houle with a rebound.
13:19 of 1st period - Minor Penalty to Garnet Hathaway for Hooking.
13:20 of 1st period - Petri Kontiola wins face-off versus Drew Shore in Sasquatch zone.
14:23 of 1st period - Slapshot by Victor Bartley.
14:23 of 1st period - Shot Blocked by D.J King.
15:19 of 1st period - Penalty to Garnet Hathaway is over, Garnet Hathaway is back on ice.
15:33 of 1st period - Snap shot by Jonathan Blum.
15:33 of 1st period - Deflect By Tyler Randell.
15:33 of 1st period - Stopped by Jeremy Duchesne with a rebound.
16:01 of 1st period - Tomas Tatar is hit by Jason Zucker and loses puck.
16:20 of 1st period - Minor Penalty to Jason Akeson for Interference.
16:21 of 1st period - Drew Shore wins face-off versus Petri Kontiola in Sasquatch zone.
16:52 of 1st period - Snap shot by Jean-Gabriel Pageau.
16:52 of 1st period - Shot Misses the Net.
18:20 of 1st period - Penalty to Jason Akeson is over, Jason Akeson is back on ice.
18:27 of 1st period - Wrist shot by Dustin Jeffrey.
18:27 of 1st period - Stopped by Martin Houle without a rebound.
18:28 of 1st period - Calle Jarnkrok wins face-off versus Stephane Da Costa in Sasquatch zone.
18:37 of 1st period - Snap shot by Calle Jarnkrok.
18:37 of 1st period - Stopped by Martin Houle without a rebound.
18:38 of 1st period - Calle Jarnkrok wins face-off versus Linus Omark in Sasquatch zone.
18:39 of 1st period - Slapshot by Brandon Pirri.
18:39 of 1st period - Stopped by Martin Houle without a rebound.
18:40 of 1st period - Stephane Da Costa wins face-off versus Calle Jarnkrok in Sasquatch zone.
19:05 of 1st period - Brandon Pirri is hit by Nick Leddy and loses puck.
19:12 of 1st period - Snap shot by Drew Shore.
19:12 of 1st period - Stopped by Jeremy Duchesne with a rebound.
19:28 of 1st period - Slapshot by Jason Zucker.
19:28 of 1st period - Shot Misses the Net.
19:40 of 1st period - Slapshot by Dustin Jeffrey.
19:40 of 1st period - Shot Blocked by James Wisniewski.
19:42 of 1st period - Slapshot by Victor Bartley.
19:42 of 1st period - Stopped by Martin Houle without a rebound.
19:43 of 1st period - Petri Kontiola wins face-off versus Jason Akeson in Sasquatch zone.
19:59 of 1st period - Wrist shot by Cam Atkinson.
19:59 of 1st period - Shot Misses the Net.
Goals for this period are 1 for Harfangs vs 1 for Sasquatch.
Shots for this period are 11 for Harfangs vs 22 for Sasquatch.
2nd period
0:01 of 2nd period - Petri Kontiola wins face-off versus Lars Eller in neutral zone.
0:08 of 2nd period - Wrist shot by Cam Atkinson.
0:08 of 2nd period - Stopped by Martin Houle with a rebound.
0:10 of 2nd period - Snap shot by Alex Killorn.
0:10 of 2nd period - Stopped by Martin Houle with a rebound.
0:12 of 2nd period - Snap shot by Cam Fowler.
0:12 of 2nd period - Shot Blocked by D.J King.
0:14 of 2nd period - Wrist shot by Cam Fowler.
0:14 of 2nd period - Shot Blocked by Yann Sauvé.
0:16 of 2nd period - Slapshot by Victor Bartley.
0:16 of 2nd period - Stopped by Martin Houle with a rebound.
0:26 of 2nd period - D.J King is hit by Victor Bartley.
0:27 of 2nd period - Icing by D.J King.
0:28 of 2nd period - Lars Eller wins face-off versus Roman Cervenka in Sasquatch zone.
0:28 of 2nd period - Lars Eller is hit by Andrew Orpik.
0:36 of 2nd period - Slapshot by Nick Leddy.
0:36 of 2nd period - Shot Blocked by Andrew Orpik.
0:54 of 2nd period - Garnet Hathaway is hit by Brian Lashoff and loses puck.
1:56 of 2nd period - Dustin Jeffrey is hit by Sergey Kalinin and loses puck.
2:05 of 2nd period - Snap shot by Dustin Jeffrey.
2:05 of 2nd period - Goal by Dustin Jeffrey - Harfangs : 2 - Sasquatch : 1.
2:06 of 2nd period - Petri Kontiola wins face-off versus Stephane Da Costa in neutral zone.
2:15 of 2nd period - Alex Killorn is hit by Danny DeKeiser.
2:18 of 2nd period - Off-side.
2:19 of 2nd period - Petri Kontiola wins face-off versus Stephane Da Costa in neutral zone.
3:07 of 2nd period - Snap shot by Linus Omark.
3:07 of 2nd period - Stopped by Jeremy Duchesne with a rebound.
3:09 of 2nd period - Snap shot by D.J King.
3:09 of 2nd period - Shot Blocked by Andrew Orpik.
3:15 of 2nd period - Snap shot by Lars Eller.
3:15 of 2nd period - Shot Blocked by Peter Olvecky.
3:17 of 2nd period - Wrist shot by Garnet Hathaway.
3:17 of 2nd period - Stopped by Jeremy Duchesne without a rebound.
3:18 of 2nd period - Petri Kontiola wins face-off versus Drew Shore in Harfangs zone.
3:20 of 2nd period - Minor Penalty to Brian Lashoff for Tripping.
3:21 of 2nd period - Lars Eller wins face-off versus Peter Olvecky in Harfangs zone.
3:21 of 2nd period - Wrist shot by Linus Omark.
3:21 of 2nd period - Shot Misses the Net.
3:35 of 2nd period - Cam Fowler is hit by Linus Omark and loses puck.
4:04 of 2nd period - Stephane Da Costa is hit by Cam Atkinson and loses puck.
4:13 of 2nd period - Snap shot by Petri Kontiola.
4:13 of 2nd period - Shot Misses the Net.
5:01 of 2nd period - Stephane Da Costa is hit by Cam Atkinson and loses puck.
5:20 of 2nd period - Penalty to Brian Lashoff is over, Brian Lashoff is back on ice.
5:50 of 2nd period - Jonathan Blum is hit by Roman Wick and loses puck.
5:55 of 2nd period - Snap shot by Tomas Tatar.
5:55 of 2nd period - Stopped by Martin Houle without a rebound.
5:56 of 2nd period - Sergey Kalinin wins face-off versus Jean-Gabriel Pageau in Sasquatch zone.
6:23 of 2nd period - Petri Kontiola is hit by Yann Sauvé and loses puck.
6:41 of 2nd period - Victor Bartley is hit by James Wisniewski and loses puck.
6:52 of 2nd period - Dustin Jeffrey is hit by Kris Russell and loses puck.
7:03 of 2nd period - Calle Jarnkrok is hit by Jason Akeson and loses puck.
7:22 of 2nd period - Slapshot by Tyler Randell.
7:22 of 2nd period - Shot Misses the Net.
7:24 of 2nd period - Snap shot by Sergey Kalinin.
7:24 of 2nd period - Goal by Sergey Kalinin - Harfangs : 2 - Sasquatch : 2.
7:25 of 2nd period - Petri Kontiola wins face-off versus Stephane Da Costa in neutral zone.
7:30 of 2nd period - Snap shot by Cam Fowler.
7:30 of 2nd period - Stopped by Martin Houle without a rebound.
7:31 of 2nd period - Stephane Da Costa wins face-off versus Petri Kontiola in Sasquatch zone.
7:36 of 2nd period - Wrist shot by Stephane Da Costa.
7:36 of 2nd period - Stopped by Jeremy Duchesne without a rebound.
7:37 of 2nd period - Stephane Da Costa wins face-off versus Petri Kontiola in Harfangs zone.
9:01 of 2nd period - Wrist shot by Peter Olvecky.
9:01 of 2nd period - Stopped by Martin Houle with a rebound.
10:56 of 2nd period - Snap shot by Alex Killorn.
10:56 of 2nd period - Deflect By D.J King.
10:56 of 2nd period - Shot Misses the Net.
10:56 of 2nd period - Puck is out of play.
10:57 of 2nd period - Lars Eller wins face-off versus Cam Atkinson in Sasquatch zone.
11:15 of 2nd period - Minor Penalty to Alex Killorn for Cross-checking.
11:16 of 2nd period - Angelo Esposito wins face-off versus Lars Eller in Harfangs zone.
11:29 of 2nd period - Slapshot by James Wisniewski.
11:29 of 2nd period - Shot Blocked by Peter Olvecky.
11:31 of 2nd period - Wrist shot by Jason Akeson.
11:31 of 2nd period - Stopped by Jeremy Duchesne without a rebound.
11:32 of 2nd period - Angelo Esposito wins face-off versus Lars Eller in Harfangs zone.
11:59 of 2nd period - Peter Olvecky is hit by Ryan Strome and loses puck.
13:06 of 2nd period - James Wisniewski is hit by Victor Bartley and loses puck.
13:15 of 2nd period - Penalty to Alex Killorn is over, Alex Killorn is back on ice.
13:24 of 2nd period - Snap shot by Sergey Kalinin.
13:24 of 2nd period - Deflect By Jason Zucker.
13:24 of 2nd period - Stopped by Jeremy Duchesne with a rebound.
13:42 of 2nd period - Double Minor Penalty to Jason Zucker for Roughing.
13:43 of 2nd period - Drew Shore wins face-off versus Petri Kontiola in Sasquatch zone.
13:55 of 2nd period - Wrist shot by Petri Kontiola.
13:55 of 2nd period - Shot Misses the Net.
13:57 of 2nd period - Snap shot by Petri Kontiola.
13:57 of 2nd period - Shot Blocked by Yann Sauvé.
14:13 of 2nd period - Slapshot by Andrew Orpik.
14:13 of 2nd period - Shot Blocked by Yann Sauvé.
15:45 of 2nd period - Cam Fowler is hit by Brock Trotter and loses puck.
16:42 of 2nd period - Nick Leddy is hit by Brandon Pirri and loses puck.
17:42 of 2nd period - Penalty to Jason Zucker is over, Jason Zucker is back on ice.
17:50 of 2nd period - Linus Omark is hit by Roman Wick and loses puck.
17:58 of 2nd period - Major Penalty to Dylan Olsen for Boarding.
17:59 of 2nd period - Peter Olvecky wins face-off versus Stephane Da Costa in Harfangs zone.
18:25 of 2nd period - Snap shot by Linus Omark.
18:25 of 2nd period - Shot Misses the Net.
19:20 of 2nd period - Icing by Stephane Da Costa.
19:21 of 2nd period - Angelo Esposito wins face-off versus Stephane Da Costa in Sasquatch zone.
19:32 of 2nd period - Snap shot by Linus Omark.
19:32 of 2nd period - Shot Misses the Net.
19:52 of 2nd period - Off-side.
19:53 of 2nd period - Petri Kontiola wins face-off versus Stephane Da Costa in neutral zone.
19:56 of 2nd period - Snap shot by Cam Fowler.
19:56 of 2nd period - Stopped by Martin Houle with a rebound.
Goals for this period are 1 for Harfangs vs 1 for Sasquatch.
Shots for this period are 8 for Harfangs vs 6 for Sasquatch.
3rd period
0:01 of 3rd period - Lars Eller wins face-off versus Alex Killorn in neutral zone.
0:09 of 3rd period - Backhand shot by Nick Leddy.
0:09 of 3rd period - Stopped by Jeremy Duchesne without a rebound.
0:10 of 3rd period - Lars Eller wins face-off versus Peter Olvecky in Harfangs zone.
1:08 of 3rd period - Slapshot by Nick Leddy.
1:08 of 3rd period - Shot Misses the Net.
1:10 of 3rd period - Snap shot by Linus Omark.
1:10 of 3rd period - Shot Misses the Net.
1:18 of 3rd period - Slapshot by Linus Omark.
1:18 of 3rd period - Shot Misses the Net.
1:26 of 3rd period - Backhand shot by Linus Omark.
1:26 of 3rd period - Goal by Linus Omark - Harfangs : 2 - Sasquatch : 3.
1:27 of 3rd period - Petri Kontiola wins face-off versus D.J King in neutral zone.
1:34 of 3rd period - Snap shot by Cam Atkinson.
1:34 of 3rd period - Shot Misses the Net.
1:40 of 3rd period - Snap shot by Yann Sauvé.
1:40 of 3rd period - Stopped by Jeremy Duchesne with a rebound.
1:42 of 3rd period - Snap shot by Ryan Strome.
1:42 of 3rd period - Goal by Ryan Strome - Harfangs : 2 - Sasquatch : 4.
1:43 of 3rd period - Stephane Da Costa wins face-off versus Alex Killorn in neutral zone.
2:08 of 3rd period - James Wisniewski is hit by Petri Kontiola and loses puck.
2:19 of 3rd period - Snap shot by Petri Kontiola.
2:19 of 3rd period - Stopped by Martin Houle with a rebound.
2:31 of 3rd period - Wrist shot by D.J King.
2:31 of 3rd period - Stopped by Jeremy Duchesne with a rebound.
2:33 of 3rd period - Wrist shot by D.J King.
2:33 of 3rd period - Shot Misses the Net.
2:58 of 3rd period - Penalty to Dylan Olsen is over, Dylan Olsen is back on ice.
2:59 of 3rd period - Snap shot by Petri Kontiola.
2:59 of 3rd period - Stopped by Martin Houle with a rebound.
5:22 of 3rd period - Jason Zucker is hit by Cam Fowler and loses puck.
6:11 of 3rd period - Slapshot by Andrew Orpik.
6:11 of 3rd period - Shot Blocked by Danny DeKeiser.
6:17 of 3rd period - Slapshot by Danny DeKeiser.
6:17 of 3rd period - Stopped by Jeremy Duchesne with a rebound.
6:19 of 3rd period - Slapshot by Danny DeKeiser.
6:19 of 3rd period - Shot Blocked by Andrew Orpik.
6:44 of 3rd period - Snap shot by Peter Olvecky.
6:44 of 3rd period - Shot Misses the Net.
6:46 of 3rd period - Snap shot by Brian Lashoff.
6:46 of 3rd period - Stopped by Martin Houle without a rebound.
6:47 of 3rd period - Jean-Gabriel Pageau wins face-off versus Stephane Da Costa in Sasquatch zone.
6:56 of 3rd period - Wrist shot by Peter Olvecky.
6:56 of 3rd period - Stopped by Martin Houle without a rebound.
6:57 of 3rd period - Petri Kontiola wins face-off versus Stephane Da Costa in Sasquatch zone.
7:00 of 3rd period - Snap shot by Cam Atkinson.
7:00 of 3rd period - Shot Misses the Net.
7:42 of 3rd period - Wrist shot by Stephane Da Costa.
7:42 of 3rd period - Stopped by Jeremy Duchesne with a rebound.
7:44 of 3rd period - Slapshot by Stephane Da Costa.
7:44 of 3rd period - Goal by Stephane Da Costa - Harfangs : 2 - Sasquatch : 5.
7:45 of 3rd period - Lars Eller wins face-off versus Jean-Gabriel Pageau in neutral zone.
7:47 of 3rd period - Off-side.
7:48 of 3rd period - Jean-Gabriel Pageau wins face-off versus Lars Eller in neutral zone.
9:03 of 3rd period - Wrist shot by Tomas Tatar.
9:03 of 3rd period - Shot Misses the Net.
9:59 of 3rd period - Wrist shot by Brock Trotter.
9:59 of 3rd period - Stopped by Jeremy Duchesne without a rebound.
10:00 of 3rd period - Dustin Jeffrey wins face-off versus Lars Eller in Harfangs zone.
10:00 of 3rd period - Dustin Jeffrey is hit by James Wisniewski.
10:10 of 3rd period - Snap shot by D.J King.
10:10 of 3rd period - Shot Blocked by Victor Bartley.
10:12 of 3rd period - Snap shot by Garnet Hathaway.
10:12 of 3rd period - Deflect By Dustin Jeffrey.
10:12 of 3rd period - Stopped by Jeremy Duchesne with a rebound.
10:26 of 3rd period - Stephane Da Costa is hit by Cam Atkinson.
11:28 of 3rd period - Off-side.
11:29 of 3rd period - Stephane Da Costa wins face-off versus Dustin Jeffrey in neutral zone.
11:31 of 3rd period - Nick Leddy is hit by Dustin Jeffrey and loses puck.
11:38 of 3rd period - Linus Omark is hit by Dustin Jeffrey and loses puck.
11:45 of 3rd period - Snap shot by Brandon Pirri.
11:45 of 3rd period - Shot Misses the Net.
12:15 of 3rd period - Icing by Sergey Kalinin.
12:16 of 3rd period - Tyler Randell wins face-off versus Jean-Gabriel Pageau in Sasquatch zone.
12:48 of 3rd period - Slapshot by Andrew Orpik.
12:48 of 3rd period - Shot Misses the Net.
13:26 of 3rd period - Wrist shot by Brock Trotter.
13:26 of 3rd period - Shot Misses the Net.
13:56 of 3rd period - Snap shot by Roman Wick.
13:56 of 3rd period - Shot Blocked by Jason Zucker.
14:26 of 3rd period - Victor Bartley is hit by Stephane Da Costa and loses puck.
14:33 of 3rd period - Snap shot by Linus Omark.
14:33 of 3rd period - Shot Misses the Net.
14:35 of 3rd period - Backhand shot by Linus Omark.
14:35 of 3rd period - Stopped by Jeremy Duchesne without a rebound.
14:36 of 3rd period - Stephane Da Costa wins face-off versus Jean-Gabriel Pageau in Harfangs zone.
14:57 of 3rd period - Yann Sauvé is hit by Michal Repik and loses puck.
15:08 of 3rd period - Cam Atkinson is hit by Garnet Hathaway and loses puck.
15:35 of 3rd period - Snap shot by Drew Shore.
15:35 of 3rd period - Stopped by Jeremy Duchesne with a rebound.
15:37 of 3rd period - Slapshot by Brock Trotter.
15:37 of 3rd period - Stopped by Jeremy Duchesne with a rebound.
15:39 of 3rd period - Wrist shot by Drew Shore.
15:39 of 3rd period - Shot Misses the Net.
15:48 of 3rd period - Minor Penalty to Tyler Randell for Hooking.
15:49 of 3rd period - Drew Shore wins face-off versus Petri Kontiola in Sasquatch zone.
17:07 of 3rd period - Jean-Gabriel Pageau is hit by Linus Omark and loses puck.
17:48 of 3rd period - Penalty to Tyler Randell is over, Tyler Randell is back on ice.
18:00 of 3rd period - James Wisniewski is hit by Roman Cervenka and loses puck.
18:20 of 3rd period - Alex Plante is hit by Sergey Kalinin and loses puck.
18:35 of 3rd period - Backhand shot by D.J King.
18:35 of 3rd period - Shot Hit the Post.
18:37 of 3rd period - Wrist shot by Garnet Hathaway.
18:37 of 3rd period - Shot Misses the Net.
18:57 of 3rd period - Roman Wick is hit by Linus Omark and loses puck.
Goals for this period are 0 for Harfangs vs 3 for Sasquatch.
Shots for this period are 4 for Harfangs vs 13 for Sasquatch.
Back to the Top